 Dungeon Crawl Stone Soup version 0.21.1-1-g345015fe64 (webtiles) character file.

60 tobi4572 the Skirmisher (level 3, 0/33 HPs)
             Began as a Draconian Berserker on May 24, 2018.
             Was a Believer of Trog.
             Slain by a crimson imp (2 damage)
             ... summoned by Natasha
             ... on level 3 of the Dungeon.
             The game lasted 00:18:30 (1802 turns).

tobi4572 the Skirmisher (Draconian Berserker)       Turns: 1802, Time: 00:18:30

Health: 0/33       AC:  5    Str: 20    XL:     3   Next: 82%
Magic:  0/3        EV:  8    Int:  7    God:    Trog [**....]
Gold:   90         SH: 13    Dex: 10    Spells: 2/2 levels left

rFire    . . .     SeeInvis .   i - -3 dagger (curse)
rCold    . . .     Gourm    .   t - +1 large shield
rNeg     . . .     Faith    .   (armour unavailable)
rPois    +         Spirit   +   (helmet restricted)
rElec    .         Reflect  .   (no cloak)
rCorr    .         Harm     .   (no gloves)
MR       .....                  (no boots)
Stlth    +.........             p - amulet of guardian spirit
HPRegen  0.11/turn              l - ring of poison resistance {magic}
MPRegen  0.08/turn              (no ring)

@: no status effects
A: unfitting armour, cold-blooded, AC +5
a: Berserk, Trog's Hand, Burn Spellbooks, Renounce Religion


You were on level 3 of the Dungeon.
You worshipped Trog.
Trog was pleased with you.
You were not hungry.

You visited 1 branch of the dungeon, and saw 3 of its levels.

You collected 90 gold pieces.

Inventory:

Hand Weapons
 a - a +0 hand axe
 g - a +0 club
 i - a cursed -3 dagger (weapon)
 j - a +0 dagger
 k - a +0 whip
 q - a +0 hand axe
 u - a +0 rapier
Missiles
 d - 23 arrows
 e - 39 stones (quivered)
Armour
 s - a +0 robe
 t - a +1 large shield (worn)
 B - a +0 scale mail
Jewellery
 l - a ring of poison resistance (left hand) {magic}
 p - an amulet of guardian spirit (around neck)
Scrolls
 f - a scroll of teleportation {unknown}
 o - a scroll of identify
 y - a scroll of blinking {unknown}
Potions
 c - a potion of brilliance {unknown}
 h - a potion of curing {unknown}
 m - a potion of invisibility {unknown}
 n - a potion of flight {unknown}
 r - 2 potions of heal wounds {unknown}
 v - a potion of lignification {unknown}
 z - a potion of haste {unknown}
 A - a potion of magic {unknown}
Comestibles
 b - 3 rations
 w - 2 chunks of flesh


   Skills:
 + Level 3.7 Fighting
 + Level 1.0 Short Blades
 + Level 3.3 Axes
 + Level 3.5 Dodging
 + Level 0.7 Shields


You had 2 spell levels left.
You didn't know any spells.

Dungeon Overview and Level Annotations

Branches:
Dungeon (3/15)

Altars:
Yredelemnul

Annotations:
D:3 Natasha


Innate Abilities, Weirdness & Mutations

Your plain brown scales are hard. (AC +5)
You cannot fit into any form of body armour.
You are cold-blooded and may be slowed by cold attacks.


Message History

Natasha is lightly wounded.
You block the crimson imp's attack.
Natasha mumbles some strange words.
You closely miss Natasha.
Your tail-slap misses Natasha.
Natasha is lightly wounded.
The crimson imp blinks!
Natasha claws you!
* * * LOW HITPOINT WARNING * * *
You miss Natasha.
Natasha is lightly wounded.
Natasha claws you but does no damage. The crimson imp barely misses you.
You hit Natasha but do no damage.
Natasha is lightly wounded.
Natasha barely misses you. You block the crimson imp's attack.
The white imp gestures at you. The puff of frost hits you!
* * * LOW HITPOINT WARNING * * *
You block the crimson imp's attack. You block Natasha's attack.
The white imp spits at you. The crimson imp hits you.
You die...

#.# ##+## ##.## #..#
##...## #..#. #.#.
##.....## #.#.##..#
##.......##
##...#...####.........#
...(....... +<........+
#...h.# #.........#
#.##5### ##.......##
#..5@..# ##.....##
######.# ##...## #.#
##'## #.# #.# #####.###
#.# #.......# ##.##
#.###.#.# ##...## #.#
#.#.# #.....#### #.#
#.#.# ##....>...


You could see Natasha, a crimson imp and a white imp.

Vanquished Creatures
  An adder (D:2)
  2 dart slugs (D:1)
  3 leopard geckos
  5 bats
  4 giant cockroaches
  3 goblins
  5 hobgoblins
  4 jackals (D:1)
  A ball python (D:1)
  A frilled lizard (D:1)
  5 kobolds
  5 rats
39 creatures vanquished.

Notes
Turn   | Place    | Note
-------+----------+-------------------------------------------
     0 | D:1      | tobi4572 the Draconian Berserker began the quest for the Orb.
     0 | D:1      | Reached XP level 1. HP: 19/19 MP: 1/1
   332 | D:1      | Reached XP level 2. HP: 23/26 MP: 2/2
  1042 | D:1      | Reached XP level 3. HP: 21/33 MP: 3/3
  1158 | D:2      | Found a basalt altar of Yredelemnul.
  1588 | D:2      | Reached skill level 1 in Short Blades
  1599 | D:2      | Reached ** piety under Trog
  1785 | D:3      | Noticed Natasha
  1802 | D:3      | Slain by a crimson imp

Skill      XL: |  1  2  3 |
---------------+----------+-----
Dodging        | 3 |  3.5
Short Blades   | 1 |  1.0
Fighting       | |  3.7
Axes           | |  3.3
Shields        | |  0.7

Action                   || total
-------------------------++-------
Melee: Hand axe          ||    29
       Dagger            ||   257
       Tailslap          ||    37
  Use: Scroll            ||     4
  Eat: Chunk             ||     2
       Ration            ||     1
Armor: Skin              ||   118
Dodge: Dodged            ||   159
Block: Large shield      ||   126
